 Seeded DCSS version 0.29.1-15-g9cfb28693d (webtiles) character file.

Game seed: 8515177902725472229 (custom seed)

2 Psyclone the Conjurer (level 1, 10/10 HPs)
             Began as a Deep Elf Conjurer on Oct 4, 2023.
             Quit the game on level 1 of the Dungeon.
             The game lasted 00:01:11 (45 turns).

Psyclone the Conjurer (Deep Elf Conjurer)             Turns: 45, Time: 00:01:12

Health: 10/10      AC:  2    Str:  4    XL:     1   Next: 25%
Magic:  6/6        EV: 12    Int: 22    God:
Gold:   0          SH:  0    Dex: 13    Spells: 5/6 levels left

rFire   + . .      SeeInvis .   (no weapon)
rCold   . . .      Faith    .   (no shield)
rNeg    . . .      Spirit   .   a - +0 robe
rPois   .          Reflect  .   (helmet restricted)
rElec   .          Harm     .   (no cloak)
rCorr   .          Rampage  .   (no gloves)
Will    .....                   (no boots)
Stlth   ++........              (no amulet)
HPRegen 0.03/turn               (no ring)
MPRegen 0.10/turn               (no ring)

@: no status effects
A: antennae 1, talons 1, fire resistance 1
a: no special abilities


You were on level 1 of the Dungeon.
You visited 1 branch of the dungeon, and saw 1 of its levels.

Inventory:

Armour
 a - a +0 robe (worn)
Potions
 b - a potion of magic


   Skills:
 - Level 2.4 Dodging
 - Level 2.4 Stealth
 - Level 3.0 Spellcasting
 + Level 4.5 Conjurations


You had 5 spell levels left.
You knew the following spells:

 Your Spells              Type           Power      Damage    Failure   Level
a - Magic Dart            Conj           92%        1d7       1%          1

Your spell library contained the following spells:

 Spells                   Type           Power      Damage    Failure   Level
 Searing Ray              Conj           46%        2d6       3%          2
 Dazzling Flash           Conj/Hex       26%        N/A       14%         3
 Fulminant Prism          Conj/Hex       6%         3d7       43%         4
 Iskenderun's Mystic Bla  Conj/Tloc      13%        2d5       43%         4


Dungeon Overview and Level Annotations

Branches:
Dungeon (1/15) Zot: 5955

Altars:


Innate Abilities, Weirdness & Mutations

You have a pair of small antennae on your head.
You have sharp toenails.
Your flesh is heat resistant. (rF+)


Message History

Press ? for a list of commands and other information.
You open the door.
There is an open door here.
Found an amethyst potion and 5 stones.
Found a scroll labelled PARPHUNOUG.
A bat comes into view.
Found an amethyst potion.
Casting: Magic Dart (safe; 1% risk of failure)
Confirm with . or Enter, or press ? or * to list all spells.
Aiming: Magic Dart (safe; 1% risk of failure)
Press: ? - help, Shift-Dir - straight line, f - bat
Aim: a bat (asleep, 100% to hit)
The magic dart hits the bat.
You kill the bat!
A rat comes into view.
You now have 5/6 mp.
Casting: Magic Dart (safe; 1% risk of failure)
Confirm with . or Enter, or press ? or * to list all spells.
Aiming: Magic Dart (safe; 1% risk of failure)
Press: ? - help, Shift-Dir - straight line, f - rat
Aim: a rat (wandering, hasn't noticed you, 100% to hit)
The magic dart hits the rat.
You kill the rat!
You now have 4/6 mp.
Found a scroll labelled ZUEMIPNA QACYN.
You open the door.
Found 5 stones.
There is an open door here.
You open the door.
There is an open door here.
MP restored: 6 You open the door.
Found a sedimented coppery potion.
There is an open door here.
c - a sedimented coppery potion You aren't carrying any scrolls.
It was a potion of mutation.
You feel extremely strange.
You feel resistant to heat.
Your toenails lengthen and sharpen.
A pair of antennae grows on your head!
Are you sure you want to abandon this character and quit the game? (Confirm with "yes".)

.........P....#..#
..#..#......P.#..#
..#..#?P...P.8#..#
..#..#....P...#..#
..#..#.....P..#..#
..#..#....P.P.#..#
..#'##....... #'##
♣##..#######
##..## #....#
#..@.# #....#
+....# ##<.##
##..## #### ####


There were no monsters in sight!

Vanquished Creatures
  A bat (D:1)
  A rat (D:1)
2 creatures vanquished.

Notes
Turn   | Place    | Note
-------+----------+-------------------------------------------
     0 | D:1      | Psyclone the Deep Elf Conjurer began the quest for the Orb.
     0 | D:1      | Reached XP level 1. HP: 10/10 MP: 6/6
    44 | D:1      | Gained mutation: Your flesh is heat resistant. (rF+)
                  | [potion of mutation]
    44 | D:1      | Gained mutation: You have sharp toenails. [potion of
                  | mutation]
    44 | D:1      | Gained mutation: You have a pair of small antennae on your
                  | head. [potion of mutation]
    45 | D:1      | Quit the game

Illustrated notes

Levels and vault maps discovered:
D:1:      sevenhm_arrival_forest_fort_large_4, layout_basic,
          nrook_loot_triangle, minmay_lizard_pond

Action                   || total
-------------------------++-------
 Cast: Magic Dart        ||     2
  Use: Potion            ||     1
